 Dungeon Crawl Stone Soup version 0.31-a0-358-gac0dbeb3ab (webtiles) character file.

Game seed: 9480343756480582204

49 Bnni the Changeling (level 3, -3/24 HPs)
             Began as an Octopode Shapeshifter on July 25, 2023.
             Slain by Terence
             ... wielding a +0 flail
              (9 damage)
             ... on level 2 of the Dungeon.
             The game lasted 00:01:03 (1414 turns).

Bnni the Changeling (Octopode Shapeshifter)         Turns: 1414, Time: 00:01:03

Health: -3/24      AC:  1    Str: 13 (14) XL:     3   Next: 75%
Magic:  3/3        EV: 13    Int:  8 (10) God:
Gold:   120        SH:  0    Dex: 11 (14) Spells: 2/2 levels left

rFire   . .          .
                       - Unarmed
rCold   . . .        (no shield)
rNeg    . . .        (helmet currently unavailable)
rPois   .            (no amulet)
rElec   .            (no ring)
rCorr   .            (no ring)
SInv    .            (no ring)
Will    .....        (no ring)
Stlth   ++           (no ring)
HPRegen 0.24/turn    (no ring)
MPRegen 0.08/turn    (no ring)
                     (no ring)

%: no passive effects
@: beast-form
A: beast (slay +2), almost no armour, amphibious, 8 rings, camouflage 1,
gelatinous body 1, (nimble swimmer 1), tentacles
a: Begin Untransformation


You were on level 2 of the Dungeon.
You were a hulking beast.
You visited 1 branch of the dungeon, and saw 2 of its levels.

You collected 120 gold pieces.

Inventory:

Missiles
 e - 6 datura-tipped darts
Talismans
 b - a beast talisman
Scrolls
 c - a scroll of identify {unknown}
 g - a scroll of summoning {unknown}
Potions
 a - 3 potions of lignification
 d - 2 potions of degeneration
 f - 2 potions of heal wounds {unknown}
 h - 3 potions of curing {unknown}
 i - a potion of magic {unknown}
 j - a potion of attraction {unknown}


   Skills:
 + Level 1.9 Fighting
 - Level 2.0 Dodging
 + Level 3.4 Unarmed Combat
 * Level 3.6 Shapeshifting


You had 2 spell levels left.
You didn't know any spells.
Your spell library contained the following spells:

 Spells                   Type           Power      Damage    Failure   Level
 Sandblast                Erth           0%         2d4       41%         1
 Slow                     Hex            0%         N/A       41%         1
 Confusing Touch          Hex            0%         N/A       78%         3
 Stone Arrow              Conj/Erth      0%         3d7       78%         3
 Vampiric Draining        Necr           0%         2d6       78%         3
 Airstrike                Air            0%         2d(0-16)  99%         4
 Leda's Liquefaction      Hex/Erth       0%         N/A       99%         4
 Petrify                  Tmut/Erth      0%         N/A       99%         4
 Arcjolt                  Conj/Air       0%         1d10      100%        5
 Silence                  Hex/Air        0%         N/A       100%        5
 Conjure Ball Lightning   Conj/Air       0%         3x3d6     100%        6


Dungeon Overview and Level Annotations

Branches:
Dungeon (2/15)

Altars:

Annotations:
D:2 Jessica, Terence


Innate Abilities, Weirdness & Mutations

You are a hulking beast.
Your limbs bulge with bestial killing power. (Slay +2)
You cannot wear most types of armour.
You are amphibious.
You can wear up to eight rings at the same time.
Your skin changes colour to match your surroundings (Stealth+).
Your rubbery body absorbs attacks. (AC +1, EV +1)
((You are camouflaged when in or above water. (Stealth+)))
You have tentacles for arms and can constrict up to eight enemies at once.


Message History

No target in view!
You see here a +0 sling.
You now have 120 gold pieces (gained 11).
There is a stone staircase leading up here.
You pick up Lohoam's Secrets of Electrocution and begin reading...
You add the spells Airstrike, Arcjolt, Silence and Conjure Ball Lightning to your library.
No target in view!
Found a robe.
No target in view!
No target in view!
No target in view!
You see here a +0 robe.
Found a robe.
No target in view!
Terence the Incautious comes into view.
He is wielding a +0 flail.
Terence shouts!
You hear a shout!
Jessica the Apprentice Sorceress comes into view.
She is wielding a +7 club.
Terence moves out of view.
Jessica gestures wildly while chanting.
Jessica seems to speed up.
Jessica is nearby!
Jessica gestures at you while chanting. Pain shoots through your body!
Terence says, "Don't bother to defend, it's pointless."
Terence completely misses you.
You tentacle-slap Terence. You grab Terence.
Terence is lightly wounded.
You constrict Terence. Terence hits you with a +0 flail!
Jessica points at you and mumbles some strange words.
Pain shoots through your body!
* * * LOW HITPOINT WARNING * * *
You are too injured to fight recklessly!
You are too injured to fight recklessly!
Unknown command.
It was a potion of degeneration.
There was something very wrong with that liquid.
You feel weakened.
You feel dopey.
You feel clumsy.
You constrict Terence, but do no damage.
Terence hits you with a +0 flail!
You die...

######..#### ######
#..[.......### #.....
#..###.......###.####
#..# #####.#........#
#..# #.#..#####.#
#..# #.#..# #.#
#..### #.#..# #..
#....# #.##.# #.#
##.#h# #.##.# #.#
#.@.@# #.##.. ..#
#....... ### ####
#"[...### #..#.##
#..#.# #....# ###
#.##.# #.. #.#


You could see Terence and Jessica (fast).

Vanquished Creatures
  A gnoll (D:1)
  2 dart slugs (D:2)
  2 ball pythons (D:1)
  2 bats (D:1)
  3 endoplasms (D:1)
  A giant cockroach (D:1)
  5 hobgoblins
  2 jackals (D:1)
  A quokka (D:1)
  3 frilled lizards
  4 goblins
  2 kobolds (D:2)
  4 rats
32 creatures vanquished.

Notes
Turn   | Place    | Note
-------+----------+-------------------------------------------
     0 | D:1      | Bnni the Octopode Shapeshifter began the quest for the Orb.
     0 | D:1      | Reached XP level 1. HP: 13/13 MP: 1/1
   152 | D:1      | Reached XP level 2. HP: 18/18 MP: 2/2
   387 | D:1      | Reached XP level 3. HP: 22/23 MP: 3/3
   956 | D:2      | Got the Guidebook on Petrified Sculpting
  1395 | D:2      | Got Lohoam's Secrets of Electrocution
  1410 | D:2      | Noticed Terence
  1410 | D:2      | Noticed Jessica
  1414 | D:2      | Slain by Terence

Illustrated notes

Levels and vault maps discovered:
D:1:      dpeg_arrival_round_a, layout_loops_ring,
          amcnicky_mini_rare_corridor_liquid, minmay_door_square,
          chequers_serial_rivers_micro_b
D:2:      layout_loops_ring, nicolae_concentric_dashed_squares_mild,
          uniq_jessica, uniq_terence

Action                     || total
---------------------------++-------
  Melee: Unarmed           ||    47
         Tentacles         ||    10
         Constrict         ||    17
         Punch             ||     1
    Use: Potion            ||     1
   Stab: Sleeping          ||     6
 Armour: Skin              ||     5
  Dodge: Dodged            ||    20

Table legend: (Time is in decaauts)
 A = Elapsed time spent in this place.
 B = Non-inter-level travel time spent in this place.
 C = Inter-level travel time spent in this place.
 D = Time resting spent in this place.
 E = Time spent auto-exploring this place.
 F = Levels seen in this place.
 G = Mean time per level.
                   A        B        C        D        E       F      G
               +--------+--------+--------+--------+--------+-----+--------+
         Total |   1410 |   1405 |      5 |      0 |   1221 |   2 |  705.0 |
       Dungeon |   1410 |   1405 |      5 |      0 |   1221 |   2 |  705.0 |
               +--------+--------+--------+--------+--------+-----+--------+

Top non-repeatable levels by time:
     D:1: 868 daAuts
     D:2: 541 daAuts
